 Dungeon Crawl Stone Soup version 0.29.1-1-gd02db6906a (webtiles) character file.

Game seed: 12655930339434132240

7727 Anon1729 the Thaumaturge (level 11, -13/85 HPs)
             Began as a Kobold Air Elementalist on Sept 7, 2022.
             Was a Believer of Vehumet.
             Mangled by Harold
             ... wielding a +0 scimitar
              (21 damage)
             ... on level 10 of the Dungeon on Oct 13, 2022.
             The game lasted 00:21:00 (16025 turns).

Anon1729 the Thaumaturge (Kobold Air Elementalist) Turns: 16025, Time: 00:21:00

Health: -13/85     AC:  7    Str:  6    XL:     11   Next: 42%
Magic:  25/25      EV: 20    Int: 20    God:    Vehumet [**....]
Gold:   428        SH:  0    Dex: 16    Spells: 18/31 levels left

rFire   . . .      SeeInvis .   K - +1 spear
rCold   . . .      Faith    .   (no shield)
rNeg    . . .      Spirit   .   m - +2 animal skin
rPois   .          Reflect  .   n - +0 helmet
rElec   .          Harm     .   k - +0 cloak
rCorr   .          Rampage  .   (no gloves)
Will    +....                   H - +0 pair of boots
Stlth   ..........              (no amulet)
HPRegen 0.24/turn               p - ring of willpower
MPRegen 0.19/turn               (no ring)

@: berserking, very quick
A: small, no large weapons, nightstalker 3
a: Renounce Religion


You were on level 10 of the Dungeon.
You worshipped Vehumet.
Vehumet was pleased with you.
You visited 1 branch of the dungeon, and saw 11 of its levels.

You collected 428 gold pieces.

Inventory:

Hand Weapons
 K - a +1 spear (weapon)
Missiles
 A - 4 throwing nets
Armour
 j - a +0 hat
 k - a +0 cloak (worn)
 m - a +2 animal skin (worn)
 n - a +0 helmet (worn)
 H - a +0 pair of boots (worn)
 J - a +0 troll leather armour
Jewellery
 d - a +4 ring of evasion
 p - a ring of willpower (left hand)
Wands
 q - a wand of paralysis (10)
 y - a wand of mindburst (9)
 I - a wand of flame (20)
Scrolls
 a - a scroll of magic mapping {unknown}
 c - 3 scrolls of fear {unknown}
 e - 3 scrolls of vulnerability {unknown}
 h - 3 scrolls of poison
 o - 8 scrolls of identify {unknown}
 r - 3 scrolls of noise {unknown}
 s - 6 scrolls of enchant armour {unknown}
 w - 6 scrolls of teleportation {unknown}
 B - a scroll of butterflies {unknown}
 C - a scroll of amnesia {unknown}
 D - 2 scrolls of enchant weapon {unknown}
 E - 2 scrolls of brand weapon {unknown}
Potions
 b - 5 potions of magic
 f - 2 potions of might {unknown}
 g - 3 potions of flight {unknown}
 l - 6 potions of curing
 t - a potion of invisibility {unknown}
 u - a potion of lignification {unknown}
 v - a potion of mutation {unknown}
 x - a potion of attraction {unknown}
 z - 3 potions of heal wounds {unknown}
 F - 2 potions of degeneration {unknown}
 G - 3 potions of brilliance {unknown}


   Skills:
 + Level 2.2 Fighting
 + Level 9.4 Dodging
 - Level 5.0 Stealth
 + Level 10.5 Spellcasting
 + Level 7.4 Conjurations
 + Level 8.2 Air Magic


You had 18 spell levels left.
You knew the following spells:

 Your Spells              Type           Power      Damage    Failure   Level
a - Shock                 Conj/Air       100%       1d9       1%          1
b - Static Discharge      Conj/Air       42%        3-9/arc   1%          2
c - Swiftness             Air            43%        N/A       1%          3
d - Airstrike             Air            21%        2d(4-20)  2%          4
e - Ignite Poison         Fire/Tmut/Pois 10%        N/A       21%         3

Your spell library contained the following spells:

 Spells                   Type           Power      Damage    Failure   Level
 Foxfire                  Conj/Fire      100%       2x1d9     1%          1
 Magic Dart               Conj           100%       1d8       1%          1
 Searing Ray              Conj           80%        2d7       1%          2
 Conjure Flame            Conj/Fire      25%        6-21      4%          3
 Apportation              Tloc           20%        N/A       7%          1
 Necrotise                Necr           40%        1d6       7%          1
 Summon Small Mammal      Summ           40%        N/A       7%          1
 Flame Wave               Conj/Fire      25%        2d8       14%         4
 Fulminant Prism          Conj/Hex       12%        3d9       14%         4
 Inner Flame              Hex/Fire       10%        N/A       21%         3
 Cause Fear               Hex            5%         N/A       54%         4
 Summon Forest            Summ/Tloc      5%         N/A       88%         5
 Eringya's Noxious Bog    Tmut/Pois      5%         N/A       100%        6
 Malign Gateway           Summ/Tloc      5%         N/A       100%        7
 Summon Hydra             Summ           5%         N/A       100%        7
 Discord                  Hex            5%         N/A       100%        8
 Summon Horrible Things   Summ           5%         N/A       100%        8


Dungeon Overview and Level Annotations

Branches:
Dungeon (11/15)            Temple (0/1) D:6            Lair (0/5) D:9
    Orc (0/2) D:10

Altars:
Ashenzari
Cheibriados
Fedhas
Hepliaklqana
Makhleb
Nemelex Xobeh
Ru
Vehumet
Yredelemnul
Zin

Shops:
D:3 *   D:7 =

Annotations:
D:3 exclusion: black bear
D:10 Harold, Snorg, Sonja


Innate Abilities, Weirdness & Mutations

You are small and have problems with some larger weapons.
You are completely attuned to the shadows.


Message History

Aim: Harold, wielding a +0 scimitar, wearing a +0 chain mail, quivering 2 throwing nets and carrying a wand of roots (6) (chance to affect: 29%) Harold easily resists.
Harold closely misses you.
Aiming: Mindburst
Press: ? - help, Shift-Dir - straight line, f/p - Harold
Aim: Harold, wielding a +0 scimitar, wearing a +0 chain mail, quivering 2 throwing nets and carrying a wand of roots (6) (chance to affect: 29%) Harold easily resists.
Harold closely misses you.
You hit Harold but do no damage.
Harold grumbles, "Just give up already, I want to go home!"
Harold zaps a wand.
The roots erupt in riotous growth!
The grasping roots grab you!
Harold is unaffected.
The grasping roots constrict you!
You hear a shout!
A red film seems to cover your vision as you go berserk!
You feel yourself moving faster!
You feel mighty! Harold closely misses you. The grasping roots constrict you.
* * * LOW HITPOINT WARNING * * *
You hit Harold but do no damage. Harold barely misses you.
The grasping roots constrict you.
* * * LOW HITPOINT WARNING * * *
You completely miss Harold.
The grasping roots release their grip on you.
You hit Harold.
Harold is lightly wounded.
Harold barely misses you.
You hit Harold.
Harold is lightly wounded.
Harold closely misses you.
You hit Harold but do no damage.
Harold is lightly wounded.
Harold hits you with a +0 scimitar!
* * * LOW HITPOINT WARNING * * *
You puncture Harold!
Harold is moderately wounded.
You barely miss Harold.
Harold is moderately wounded.
Harold completely misses you.
You hit Harold but do no damage.
Harold is moderately wounded.
Harold hits you with a +0 scimitar!!
You die...

#################################
................<................
.....#######...###########.######
.....# #...# #.#
.....#######...###########.#
...........................######
.................................
.................................
))..............@@...#########...
.................................
.................................
.........................########
#######..######.#######..# #..#
#.# #####..# #..# #.# #.>##..#
#######..# #.###.###.(########
.........### ##.........(...)....


You could see Harold.

Vanquished Creatures
  Erica (D:10)
  A kobold demonologist (D:10)
  2 trolls
  Prince Ribbit (D:5)
  A hornet (D:9)
  A wyvern (D:9)
  3 shadows
  5 yaks (D:8)
  Grum (D:9)
  A steam dragon (D:9)
  Edmund (D:6)
  An orc warrior (D:10)
  A sky beast (D:8)
  A black bear (D:5)
  3 ice beasts
  An ogre (D:7)
  2 centaurs
  5 wolves (D:9)
  6 kobold brigands
  5 bullfrogs
  2 gnoll sergeants
  A necrophage (D:5)
  4 scorpions
  7 wights (D:9)
  6 killer bees (D:8)
  3 electric eels
  5 howler monkeys
  9 hounds
  3 orc priests
  2 jellies
  A gnoll bouda (D:5)
  2 iguanas
  5 orc wizards
  Robin (D:2)
  22 gnolls
  11 adders
  A shadow imp (D:6)
  4 white imps
  2 ufetubi
  A worm (D:3)
  20 orcs
  8 endoplasms
  A giant cockroach (D:1)
  9 goblins
  15 hobgoblins
  27 kobolds
  5 quokkas
  5 ball pythons
  4 bats
  3 frilled lizards
  7 rats
239 creatures vanquished.

Notes
Turn   | Place    | Note
-------+----------+-------------------------------------------
     0 | D:1      | Anon1729 the Kobold Air Elementalist began the quest for
                  | the Orb.
     0 | D:1      | Reached XP level 1. HP: 10/10 MP: 3/3
   592 | D:1      | Reached XP level 2. HP: 15/15 MP: 3/5
  1346 | D:2      | Reached XP level 3. HP: 19/19 MP: 1/6
  2041 | D:2      | Noticed Robin
  2043 | D:2      | Reached XP level 4. HP: 24/24 MP: 4/8
  2079 | D:2      | Killed Robin
  2734 | D:3      | Reached skill level 3 in Spellcasting
  3368 | D:3      | Reached XP level 5. HP: 28/28 MP: 2/9
  3447 | D:3      | Found Kumeuz's General Store.
  3456 | D:3      | Learned a level 2 spell: Static Discharge
  3532 | D:3      | Noticed a black bear
  4447 | D:4      | Reached XP level 6. HP: 32/32 MP: 2/11
  4648 | D:4      | Reached skill level 4 in Spellcasting
  4985 | D:4      | Found a radiant altar of Vehumet.
  4985 | D:4      | Found a broken altar of Ashenzari.
  5155 | D:4      | Reached XP level 7. HP: 15/36 MP: 0/13
  5975 | D:5      | Entered Level 5 of the Dungeon
  6094 | D:5      | Reached skill level 5 in Stealth
  6537 | D:5      | Reached skill level 5 in Spellcasting
  6665 | D:5      | Reached XP level 8. HP: 41/41 MP: 8/15
  6752 | D:5      | Reached skill level 5 in Dodging
  7019 | D:5      | Noticed Prince Ribbit
  7026 | D:5      | Killed Prince Ribbit
  7027 | D:5      | Reached skill level 6 in Spellcasting
  7027 | D:5      | Reached skill level 5 in Air Magic
  7423 | D:5      | Found a basalt altar of Yredelemnul.
  7870 | D:4      | Became a worshipper of Vehumet
  8059 | D:6      | Noticed Edmund
  8066 | D:6      | Killed Edmund
  8067 | D:6      | Reached XP level 9. HP: 19/45 MP: 4/18
  8236 | D:6      | Found a staircase to the Ecumenical Temple.
  8348 | D:6      | Learned a level 3 spell: Swiftness
  8353 | D:6      | Learned a level 4 spell: Airstrike
  8482 | D:6      | Found a glowing silver altar of Zin.
  9047 | D:6      | Reached skill level 7 in Spellcasting
  9302 | D:6      | Found a snail-covered altar of Cheibriados.
  9774 | D:7      | Reached skill level 5 in Conjurations
 10381 | D:7      | Found Poseb's Jewellery Shop.
 10386 | D:7      | Reached * piety under Vehumet
 10386 | D:7      | Offered knowledge of Magic Dart by Vehumet.
 10755 | D:7      | Found a burning altar of Makhleb.
 11030 | D:8      | Reached skill level 8 in Spellcasting
 11240 | D:8      | Reached XP level 10. HP: 37/50 MP: 12/22
 11491 | D:8      | Reached skill level 9 in Spellcasting
 12181 | D:8      | Found a sacrificial altar of Ru.
 12184 | D:8      | Found a hazy altar of Hepliaklqana.
 12189 | D:8      | Found a sparkling altar of Nemelex Xobeh.
 12619 | D:9      | Found a blossoming altar of Fedhas.
 12704 | D:9      | Offered knowledge of Scorch by Vehumet.
 12705 | D:9      | Reached ** piety under Vehumet
 13044 | D:9      | Noticed Grum
 13048 | D:9      | Killed Grum
 13330 | D:9      | Reached XP level 11. HP: 16/54 MP: 18/24
 13604 | D:9      | Reached skill level 10 in Spellcasting
 13703 | D:9      | Found a staircase to the Lair.
 14138 | D:9      | Offered knowledge of Ignite Poison by Vehumet.
 14515 | D:9      | Learned a level 3 spell: Ignite Poison
 14553 | D:10     | Entered Level 10 of the Dungeon
 14620 | D:10     | Noticed Erica
 14624 | D:10     | Killed Erica
 14625 | D:10     | Reached skill level 1 in Fighting
 15202 | D:10     | Noticed Sonja
 15225 | D:10     | Found a staircase to the Orcish Mines.
 15521 | D:10     | Noticed Snorg
 15988 | D:10     | Upgraded the game from 0.29.0-13-gc9e81de378 to
                  | 0.29.1-1-gd02db6906a
 16005 | D:11     | Noticed Harold
 16010 | D:11     | Noticed a manticore
 16025 | D:10     | Mangled by Harold

Illustrated notes

Levels and vault maps discovered:
D:1:      mrwooster_arrival_statue_2, layout_basic
D:2:      layout_basic, uniq_robin
D:3:      minmay_angry_zag, layout_loops_ring, serial_shops, nicolae_shop_trees
D:4:      layout_rooms, gammafunk_temple_overflow_pools
D:5:      layout_loops_ring, lemuel_coloured_pillars_altar, grunt_decor_cap,
          water_maze_lemuel, uniq_prince_ribbit1
D:6:      layout_basic, lemuel_crystal_altar, kennysheep_mini,
          minmay_temple_entry_glass, uniq_edmund
D:7:      layout_loops_cross, makhleb_blood_cavern_becter, serial_shops,
          nicolae_shop_advertising_works [nicolae_subvault_shop_adworks]
D:8:      layout_cave_pools, minmay_overflow_temple_star_quad,
          nrook_pool_corridor
D:9:      layout_cave_pods, lemuel_round_altar, erik_lair_island, uniq_grum
D:10:     layout_long_grid, orc_0_dummy, uniq_snorg, uniq_erica, uniq_sonja
D:11:     layout_basic, dreamdust_gnoll_shepherd, uniq_harold, uniq_lodul

Skill      XL: |  1  2  3  4  5  6  7  8  9 10 11 |
---------------+----------------------------------+-----
Stealth        | 3 4 5 |  5.0
Dodging        | 3 4 6 7 8 9 |  9.4
Spellcasting   | 3 4 5 6 8 9 10 | 10.5
Conjurations   | 2 3 4 5 6 7 |  7.4
Air Magic      | 4 5 6 7 8 |  8.2
Fighting       | 2 |  2.2

Action                   |  1- 3 |  4- 6 |  7- 9 | 10-12 || total
-------------------------+-------+-------+-------+-------++-------
Melee: Spear             |    33 |    68 |    29 |    29 ||   159
       Unarmed           |     2 |       |       |       ||     2
       Punch             |       |       |     2 |       ||     2
 Cast: Shock             |    55 |   140 |   178 |    40 ||   413
       Static Discharge  |       |     4 |    60 |    34 ||    98
       Airstrike         |       |       |       |    49 ||    49
Evoke: Wand              |       |       |     3 |     4 ||     7
  Use: Potion            |       |     1 |     2 |     2 ||     5
       Scroll            |       |     1 |       |       ||     1
 Stab: Sleeping          |       |     4 |     2 |     2 ||     8
Armor: Robe              |     8 |     1 |       |       ||     9
       Animal skin       |       |    13 |    19 |    10 ||    42
Dodge: Dodged            |    37 |    83 |   137 |    60 ||   317
